 Dungeon Crawl Stone Soup version 0.29-a0-322-g68df515428 (webtiles) character file.

Game seed: 14640114674013512149

5129 Ijustatesigmund the Destroyer (level 10, 0/60 HPs)
             Began as a Tengu Fire Elementalist on Apr 7, 2022.
             Slain by a two-headed ogre
             ... wielding a +0 giant club
              (8 damage)
             ... on level 9 of the Dungeon.
             The game lasted 00:24:42 (11563 turns).

Ijustatesigmund the Destroyer (TeFE)               Turns: 11563, Time: 00:24:43

Health: 0/60       AC:  9    Str: 10    XL:     10   Next: 58%
Magic:  1/16       EV: 16    Int: 19    God:
Gold:   391        SH:  0    Dex: 14    Spells: 4/15 levels left

rFire   + + .      SeeInvis .   z - staff of fire
rCold   + + .      Faith    .   (no shield)
rNeg    + . .      Spirit   .   a - +2 robe {rC+ rF+}
rPois   .          Reflect  .   (helmet restricted)
rElec   .          Harm     .   y - +1 cloak
rCorr   .          Rampage  .   k - +2 pair of gloves
Will    +++..      Clarity  +   (boots unavailable)
Stlth   ++........              m - amulet of the Four Winds {rN+ Will+++ Clar}
HPRegen 0.20/turn               j - ring of protection from cold
MPRegen 0.15/turn               (no ring)

@: flying quickly and evasively, quick
A: beak, talons 3, nimble flight
a: no special abilities


You were on level 9 of the Dungeon.
You visited 2 branches of the dungeon, and saw 10 of its levels.

You collected 503 gold pieces.
You spent 112 gold pieces at shops.

Inventory:

Hand Weapons
 h - a +2 war axe of flaming
 u - the +4 hand axe of Distant Shores {spect, rPois Will+}
   (You found it on level 5 of the Dungeon)

   When its wielder attacks, the weapon's spirit leaps out and strikes again.
   The spirit shares a part of any damage it takes with its wielder.
   rPois:     It protects you from poison.
   Will:      It increases your willpower.
Missiles
 F - a throwing net
Armour
 a - a +2 robe of resistance (worn)
 k - a +2 pair of gloves (worn)
 y - a +1 cloak (worn)
Magical Staves
 z - a staff of fire (weapon)
Jewellery
 j - a ring of protection from cold (left hand)
 m - the amulet of the Four Winds (around neck) {rN+ Will+++ Clar}
   (You found it on level 2 of the Dungeon)

   [amulet of nothing]

   rN:        It protects you from negative energy.
   Clar:      It protects you against confusion.
   Will:      It greatly increases your willpower.
 E - an amulet of reflection
Wands
 o - a wand of digging (6)
 w - a wand of polymorph (7)
 x - a wand of iceblast (12)
 H - a wand of flame (10)
Scrolls
 c - 4 scrolls of teleportation
 n - 3 scrolls of magic mapping
 p - a scroll of enchant weapon
 q - 3 scrolls of silence
 r - 2 scrolls of enchant armour
 s - a scroll of brand weapon
 v - 3 scrolls of immolation
 A - 2 scrolls of torment
 D - a scroll of fear
 I - a scroll of identify
Potions
 b - a potion of magic
 d - a potion of flight
 e - 2 potions of brilliance
 f - a potion of ambrosia
 g - a potion of cancellation
 i - a potion of attraction
 l - 2 potions of heal wounds
 t - 3 potions of lignification
 B - 2 potions of mutation
 C - 3 potions of curing
 G - a potion of berserk rage {unknown}


   Skills:
 + Level 6.0 Fighting
 - Level 3.3 Axes
 - Level 4.2 Dodging
 - Level 2.0 Stealth
 - Level 3.3 Spellcasting
 + Level 10.5 Conjurations
 + Level 9.4 Fire Magic
 - Level 3.7 Earth Magic
 - Level 2.7 Evocations


You had 4 spell levels left.
You knew the following spells:

 Your Spells              Type           Power      Damage    Failure   Level
a - Foxfire               Conj/Fire      100%       2x1d9     1%          1
b - Scorch                Fire           100%       2d10      1%          2
c - Magic Dart            Conj           100%       1d8       1%          1
d - Flame Wave            Conj/Fire      58%        2d11      2%          4
e - Stone Arrow           Conj/Erth      60%        3d10      2%          3

Your spell library contained the following spells:

 Spells                   Type           Power      Damage    Failure   Level
 Searing Ray              Conj           86%        2d7       1%          2
 Conjure Flame            Conj/Fire      58%        6-21      1%          3
 Sandblast                Erth           34%        2d9       3%          1
 Inner Flame              Hex/Fire       31%        N/A       6%          3
 Passwall                 Tmut/Erth      8%         N/A       11%         2
 Fulminant Prism          Conj/Hex       11%        3d9       17%         4
 Corpse Rot               Necr/Air       6%         N/A       22%         2
 Poisonous Vapours        Pois/Air       6%         N/A       22%         2
 Tukima's Dance           Hex            3%         N/A       41%         3
 Dispel Undead            Necr           3%         3d7       82%         4
 Passage of Golubria      Tloc           3%         N/A       82%         4
 Yara's Violent Unravell  Hex/Tmut       1%         3d3       99%         5
 Death Channel            Necr           1%         N/A       100%        6


Dungeon Overview and Level Annotations

Branches:
Dungeon (9/15)             Temple (1/1) D:6
   Lair: D:8-11         Orc: D:9-12

Altars:
Ashenzari
Cheibriados
Dithmenos
Elyvilon
Gozag
Kikubaaqudgha
Makhleb
Nemelex Xobeh
Qazlal
Sif Muna
Trog
Vehumet
Xom
Yredelemnul
Zin
The Shining One
Lugonu

Shops:
D:2 *   D:5 *

Portals:
Abyss: D:6

Annotations:
D:3 Sigmund
D:6 2 transporters, Dabor's ghost, novice DsTm


Innate Abilities, Weirdness & Mutations

You have a beak for a mouth.
You have claws for feet.
Your magical nature lets you fly swiftly and evasively.


Message History

Casting: Stone Arrow (dangerous; 2% risk of failure)
Confirm with . or Enter, or press ? or * to list all spells.
Aiming: Stone Arrow (dangerous; 2% risk of failure)
Press: ? - help, Shift-Dir - straight line, f/p - two-headed ogre
Aim: a two-headed ogre, wielding two +0 giant clubs (lightly wounded, ally target, 88% to hit)
The stone arrow hits the two-headed ogre!
The two-headed ogre is heavily wounded.
Casting: Stone Arrow (dangerous; 2% risk of failure)
Confirm with . or Enter, or press ? or * to list all spells.
Aiming: Stone Arrow (dangerous; 2% risk of failure)
Press: ? - help, Shift-Dir - straight line, f/p - two-headed ogre
Aim: a two-headed ogre, wielding two +0 giant clubs (moderately wounded, ally target, 88% to hit)
The stone arrow hits the two-headed ogre!
The two-headed ogre is heavily wounded.
Casting: Stone Arrow (dangerous; 2% risk of failure)
Confirm with . or Enter, or press ? or * to list all spells.
Aiming: Stone Arrow (dangerous; 2% risk of failure)
Press: ? - help, Shift-Dir - straight line, f/p - two-headed ogre
Aim: a two-headed ogre, wielding two +0 giant clubs (heavily wounded, ally target, 88% to hit)
The stone arrow misses the two-headed ogre.
The two-headed ogre closely misses you.
The two-headed ogre hits you with a +0 giant club!
Casting: Stone Arrow (dangerous; 2% risk of failure)
Confirm with . or Enter, or press ? or * to list all spells.
Aiming: Stone Arrow (dangerous; 2% risk of failure)
Press: ? - help, Shift-Dir - straight line, f/p - two-headed ogre
Aim: a two-headed ogre, wielding two +0 giant clubs (heavily wounded, 88% to hit)
The stone arrow hits the two-headed ogre!
The two-headed ogre is almost dead.
The two-headed ogre hits you with a +0 giant club! x2
Okay, then.
You barely miss the two-headed ogre. You claw the two-headed ogre!
The two-headed ogre is almost dead.
You hit the two-headed ogre but do no damage.
Your kick misses the two-headed ogre.
The two-headed ogre is almost dead.
The two-headed ogre hits you with a +0 giant club!
* * * LOW HITPOINT WARNING * * *
The two-headed ogre hits you with a +0 giant club!
You die...

#######
......#
...........#
......+
#..........#
.<....#
#.......$..#
......#
#........<.#
......#
#.........(#
......#
#..........#
###'###
#...O......#
#..# #@#
#.## #.#
##'######
#.##
........#
#..#
........#
##.#
........#
#.#
........#
#.#
........#
#.#
........#
#.##


You could see a two-headed ogre.

Vanquished Creatures
  A two-headed ogre (D:9)
  A centaur warrior (D:9)
  A hornet (D:9)
  4 yaks (D:9)
  A wyvern (D:8)
  3 water moccasins
  2 sky beasts (D:6)
  2 black bears
  3 ogres
  2 centaurs (D:9)
  2 phantoms
  A necrophage (D:7)
  2 bullfrogs
  A wyvern zombie (D:8)
  A gnoll sergeant (D:8)
  2 scorpions
  5 howler monkeys
  5 centaur zombies (D:8)
  4 hounds
  A gnoll shaman (D:5)
  5 jellies
  6 iguanas
  Jessica (D:2)
  Terence (D:2)
  4 orc wizards
  2 killer bee zombies (D:8)
  A howler monkey zombie (D:8)
  16 gnolls
  8 adders
  4 white imps
  A worm (D:2)
  2 dart slugs
  16 orcs
  6 ball pythons
  6 bats
  10 endoplasms
  5 giant cockroaches
  9 goblins
  3 hobgoblins (D:2)
  2 jackals (D:1)
  4 quokkas
  A frilled lizard (D:2)
  5 kobolds
  4 rats
  A spectral goblin (D:3)
167 creatures vanquished.

Vanquished Creatures (collateral kills)
  A foxfire (D:5)
1 creature vanquished.

Vanquished Creatures (others)
  566 foxfires
  24 fungi (D:5)
590 creatures vanquished.

Grand Total: 758 creatures vanquished

Notes
Turn   | Place    | Note
-------+----------+-------------------------------------------
     0 | D:1      | Ijustatesigmund the Tengu Fire Elementalist began the quest
                  | for the Orb.
     0 | D:1      | Reached XP level 1. HP: 10/10 MP: 4/4
   335 | D:1      | Reached skill level 2 in Conjurations
   390 | D:1      | Reached XP level 2. HP: 15/15 MP: 4/6
  1439 | D:2      | Noticed Terence
  1455 | D:2      | Killed Terence
  1456 | D:2      | Reached skill level 3 in Conjurations
  1456 | D:2      | Reached XP level 3. HP: 9/19 MP: 0/7
  1685 | D:2      | Learned a level 2 spell: Scorch
  1703 | D:2      | Reached XP level 4. HP: 24/24 MP: 2/8
  1868 | D:2      | Found the amulet of the Four Winds {rN+ Will+++ Clar}
  2336 | D:2      | Found Umeonwes's General Store.
  2339 | D:2      | Bought a scroll of teleportation for 42 gold pieces
  2339 | D:2      | Bought a potion of heal wounds for 70 gold pieces
  2505 | D:2      | Reached skill level 4 in Conjurations
  2684 | D:2      | Noticed Jessica
  2802 | D:2      | Killed Jessica
  3040 | D:3      | Gained mutation: Your magical nature lets you fly swiftly
                  | and evasively. [Tengu growth]
  3040 | D:3      | Reached XP level 5. HP: 28/28 MP: 7/9
  3137 | D:3      | Reached skill level 5 in Fire Magic
  3184 | D:3      | Found a faded altar of an unknown god.
  3406 | D:3      | Noticed Sigmund
  3813 | D:4      | Reached skill level 5 in Conjurations
  4059 | D:4      | Reached XP level 6. HP: 32/32 MP: 7/10
  4338 | D:4      | Reached skill level 1 in Fighting
  4338 | D:4      | Reached skill level 1 in Axes
  4725 | D:4      | Found a shadowy altar of Dithmenos.
  4905 | D:4      | Reached XP level 7. HP: 38/38 MP: 6/11
  5140 | D:5      | Entered Level 5 of the Dungeon
  5142 | D:5      | Identified the +4 hand axe of Distant Shores {spect, rPois
                  | Will+}
  5327 | D:5      | Learned a level 1 spell: Magic Dart
  5332 | D:5      | Learned a level 4 spell: Flame Wave
  5341 | D:5      | Reached skill level 6 in Conjurations
  5469 | D:5      | Found a white marble altar of Elyvilon.
  5792 | D:5      | Found an ancient bone altar of Kikubaaqudgha.
  5897 | D:5      | Reached XP level 8. HP: 45/45 MP: 6/12
  6319 | D:5      | Found Tuamoruth's General Store.
  6600 | D:6      | Found a transporter.
  6623 | D:6      | Found a transporter.
  6671 | D:6      | Reached skill level 7 in Conjurations
  6864 | D:6      | Found a one-way gate to the infinite horrors of the Abyss.
  6864 | D:6      | Noticed a cyan ugly thing
  6864 | D:6      | Noticed Dabor's ghost (novice DsTm)
  6983 | D:6      | Reached skill level 1 in Evocations
  7312 | D:6      | Found an opulent altar of Gozag.
  7313 | D:6      | Found a snail-covered altar of Cheibriados.
  7599 | D:6      | Found a staircase to the Ecumenical Temple.
  7614 | Temple   | Entered the Ecumenical Temple
  7972 | D:6      | Found a shimmering blue altar of Sif Muna.
  8042 | D:7      | Reached XP level 9. HP: 50/50 MP: 6/14
  8058 | D:7      | Reached skill level 8 in Conjurations
  8062 | D:7      | Learned a level 3 spell: Stone Arrow
  8248 | D:7      | Reached skill level 1 in Earth Magic
  9088 | D:8      | Found a basalt altar of Yredelemnul.
  9885 | D:8      | Found a shimmering altar of Xom.
 10268 | D:8      | Found a stormy altar of Qazlal.
 10371 | D:9      | Found a bloodstained altar of Trog.
 10541 | D:9      | Noticed a two-headed ogre
 10546 | D:9      | Killed a two-headed ogre
 10547 | D:9      | Reached skill level 9 in Conjurations
 10547 | D:9      | Reached XP level 10. HP: 58/58 MP: 0/16
 10673 | D:9      | Reached skill level 5 in Fighting
 10933 | D:9      | Reached skill level 10 in Conjurations
 11387 | D:9      | Noticed a centaur warrior
 11387 | D:9      | Noticed a two-headed ogre
 11397 | D:9      | Killed a centaur warrior
 11563 | D:9      | Slain by a two-headed ogre

Illustrated notes

Levels and vault maps discovered:
D:1:      heliophobic_arrival_glass_houses, layout_loops_cross,
          nrook_mini_vaults, minmay_heptomino_l4
D:2:      layout_basic, serial_shops, nicolae_shop_trees, uniq_terence,
          uniq_jessica
D:3:      layout_rooms, mainiacjoe_overflow_small_starburst,
          dreamdust_ecumenical_altar_drowned_temple, st_stairs_8, minivault_4,
          minmay_cupped, uniq_sigmund, uniq_natasha
D:4:      nicolae_cairo_tiling_large_dashed, layout_basic,
          mainiacjoe_overflow_surrounded_room, kennysheep_small_circle
D:5:      layout_gridville, elyvilon_altar_5, mainiacjoe_overflow_cross_hatched,
          serial_shops, nicolae_lakefront_shop, corexii_item_surrounded_by_moat,
          eino_small_chamber_without_monster
D:6:      layout_loops_ring, kennysheep_mini, nicolae_overflow_hidden_temple,
          minmay_temple_entry_mini_moons, gammafunk_ghost_abyssal_escape,
          grunt_decor_one_mirror
D:7:      layout_basic, minmay_fountain_box
D:8:      layout_basic, nicolae_qazlal_scattered_showers,
          nicolae_yredelemnul_corpse_copse, mainiacjoe_overflow_alcove_1
D:9:      layout_roguey, pf_just_have_faith,
          hangedman_abyss_or_decor_lesser_grid
Temple:   corrupted_temple

Skill      XL: |  1  2  3  4  5  6  7  8  9 10 |
---------------+-------------------------------+-----
Conjurations   | 2 3 4 5 6 7 9 10 | 10.5
Fire Magic     | 4 5 6 7 8 9 |  9.4
Fighting       | 1 2 3 4 6 |  6.0
Axes           | 1 2 3 |  3.3
Dodging        | 3 4 |  4.2
Evocations     | 2 |  2.7
Spellcasting   | 3 |  3.3
Earth Magic    | 3 |  3.7
Stealth        | |  2.0

Action                   |  1- 3 |  4- 6 |  7- 9 | 10-12 || total
-------------------------+-------+-------+-------+-------++-------
Melee: War axe           |     1 |       |       |       ||     1
       Hand axe          |       |       |     4 |       ||     4
       Kick              |       |       |     1 |     1 ||     2
       Peck              |       |       |     1 |       ||     1
       Staff             |       |       |     1 |     2 ||     3
 Cast: Foxfire           |    50 |   122 |   168 |    13 ||   353
       Scorch            |     1 |    12 |    49 |     6 ||    68
       Flame Wave        |       |       |     1 |     2 ||     3
       Stone Arrow       |       |       |     7 |    12 ||    19
Evoke: Wand              |       |       |     1 |     4 ||     5
  Use: Scroll            |     4 |       |    14 |       ||    18
Armor: Robe              |     2 |     9 |    33 |       ||    44
Dodge: Dodged            |     7 |    32 |   119 |    11 ||   169

Table legend: (Time is in decaauts)
 A = Elapsed time spent in this place.
 B = Non-inter-level travel time spent in this place.
 C = Inter-level travel time spent in this place.
 D = Time resting spent in this place.
 E = Time spent auto-exploring this place.
 F = Levels seen in this place.
 G = Mean time per level.
                   A        B        C        D        E       F      G
               +--------+--------+--------+--------+--------+-----+--------+
         Total |  11195 |  10987 |    208 |   4002 |   5526 |  10 | 1119.5 |
       Dungeon |  11136 |  10928 |    208 |   4002 |   5487 |   9 | 1237.3 |
        Temple |     59 |     59 |      0 |      0 |     38 |   1 |   59.0 |
               +--------+--------+--------+--------+--------+-----+--------+

Top non-repeatable levels by time:
     D:4: 1645 daAuts
     D:2: 1598 daAuts
     D:1: 1437 daAuts
     D:6: 1388 daAuts
     D:5: 1289 daAuts
     D:9: 1147 daAuts
     D:7: 1146 daAuts
     D:8: 1106 daAuts
     D:3: 376 daAuts
  Temple: 59 daAuts
